 Dungeon Crawl Stone Soup version 0.29.1-2-gbd0b4ee654 (webtiles) character file.

Game seed: 15152116442766551304

45 RascalDebosk the Magician (level 3, 0/27 HPs)
             Began as a Djinni Conjurer on Oct 25, 2022.
             Slain by Sigmund
             ... wielding a +0 scythe
              (9 damage)
             ... on level 2 of the Dungeon.
             The game lasted 00:06:55 (1714 turns).

RascalDebosk the Magician (Djinni Conjurer)         Turns: 1714, Time: 00:06:56

Health: 0/27       AC:  2    Str:  6    XL:     3   Next: 90%
Gold:   105        EV: 11    Int: 21    God:
                   SH:  3    Dex: 11

rFire   + + .      SeeInvis .   (no weapon)
rCold   x . .      Faith    .   c - +0 buckler
rNeg    . . .      Spirit   .   a - +0 robe
rPois   ∞          Reflect  .   (no helmet)
rElec   .          Harm     .   (no cloak)
rCorr   .          Rampage  .   (no gloves)
Will    .....                   (boots unavailable)
Stlth   ++........              (no amulet)
HPRegen 0.09/turn               (no ring)
MPRegen 0.00/turn               (no ring)

@: flying
A: sickness immunity, fire resistance 2, cold vulnerability 1, float, innate
caster, HP casting, extra vitality 1
a: no special abilities


You were on level 2 of the Dungeon.
You visited 1 branch of the dungeon, and saw 2 of its levels.

You collected 105 gold pieces.

Inventory:

Armour
 a - a +0 robe (worn)
 c - a +0 buckler (worn)
Magical Staves
 d - a staff of earth
 j - a staff of cold
Scrolls
 e - a scroll of brand weapon {unknown}
 h - a scroll of fog {unknown}
 i - a scroll of identify {unknown}
 k - a scroll of amnesia {unknown}
 l - a scroll of enchant armour {unknown}
 m - 3 scrolls of enchant weapon {unknown}
Potions
 b - 2 potions of degeneration {unknown}
 f - 3 potions of curing {unknown}
 g - a potion of attraction {unknown}


   Skills:
 + Level 1.5 Fighting
 - Level 2.1 Dodging
 - Level 1.5 Stealth
 * Level 3.9 Spellcasting


You couldn't memorise any spells.
You knew the following spells:

 Your Spells              Type           Power      Damage    Failure   Level
a - Magic Dart            Conj           80%        1d7       3%          1
b - Searing Ray           Conj           40%        2d5       4%          2
c - Dazzling Flash        Conj/Hex       40%        N/A       10%         3
d - Fulminant Prism       Conj/Hex       10%        3d9       32%         4
e - Iskenderun's Mystic   Conj/Tloc      20%        2d6       32%         4
f - Apportation           Tloc           40%        N/A       3%          1
Your spell library was empty.

Dungeon Overview and Level Annotations

Branches:
Dungeon (2/15)

Altars:
Dithmenos

Annotations:
D:2 Sigmund


Innate Abilities, Weirdness & Mutations

You are immune to sickness and miasma.
You are immune to poison.
Your flesh is very heat resistant. (rF++)
You are vulnerable to cold. (rC-)
You float through the air rather than walking.
You learn spells naturally, not from books.
Your magical power is your life essence.
You have superior vitality. (+4 MHP)


Message History

The magic dart hits the rat.
You kill the rat!
You see here a +0 hand axe.
You now have 76 gold pieces (gained 14).
Done exploring.
Done exploring.
There is a stone staircase leading down here.
You fly downwards.
Level annotation: Sigmund
Found a stone staircase leading down.
There is a stone staircase leading up here.
Found 4 stones.
You see here 4 stones.
An adder comes into view.
Aiming: Magic Dart (safe; 3% risk of failure)
Press: ? - help, Q - select action, (/) - cycle Shift-Dir - straight line, f - adder
Aim: an adder (asleep, 100% to hit)
The magic dart hits the adder.
The adder is heavily wounded.
The adder hisses angrily.
Aiming: Magic Dart (safe; 3% risk of failure)
Press: ? - help, Q - select action, (/) - cycle Shift-Dir - straight line, f/p - adder
Aim: an adder (heavily wounded, 100% to hit)
The magic dart hits the adder.
You kill the adder!
HP restored.
k - a scroll labelled MIDWYW QAOSENEONLI An adder comes into view.
Aiming: Magic Dart (safe; 3% risk of failure)
Press: ? - help, Q - select action, (/) - cycle Shift-Dir - straight line, f - adder
Aim: an adder (asleep, 100% to hit)
The magic dart hits the adder.
The adder is moderately wounded.
The adder hisses angrily.
Aiming: Magic Dart (safe; 3% risk of failure)
Press: ? - help, Q - select action, (/) - cycle Shift-Dir - straight line, f/p - adder
Aim: an adder (moderately wounded, 100% to hit)
The magic dart hits the adder.
The adder is almost dead.
Aiming: Magic Dart (safe; 3% risk of failure)
Press: ? - help, Q - select action, (/) - cycle Shift-Dir - straight line, f/p - adder
Aim: an adder (almost dead, 100% to hit)
The magic dart hits the adder.
The adder is almost dead.
Aiming: Magic Dart (safe; 3% risk of failure)
Press: ? - help, Q - select action, (/) - cycle Shift-Dir - straight line, f/p - adder
Aim: an adder (almost dead, 100% to hit)
The magic dart hits the adder but does no damage.
The adder is almost dead.
Aiming: Magic Dart (safe; 3% risk of failure)
Press: ? - help, Q - select action, (/) - cycle Shift-Dir - straight line, f/p - adder
Aim: an adder (almost dead, 100% to hit)
The magic dart hits the adder.
You kill the adder!
Found a stone staircase leading down.
You now have 88 gold pieces (gained 12).
l - a scroll labelled JEVVEA JE ZEUL You now have 99 gold pieces (gained 11).
Found a faded altar of an unknown god.
Found a leather armour.
A kobold comes into view. It is wielding a +0 club.
Aiming: Magic Dart (safe; 3% risk of failure)
Press: ? - help, Q - select action, (/) - cycle Shift-Dir - straight line, f - kobold
Aim: a kobold, wielding a +0 club and quivering stones (wandering, hasn't noticed you, 100% to hit)
The magic dart hits the kobold.
You kill the kobold!
Found a shadowy altar of Dithmenos.
There is a stone staircase leading down here.
You reach down and open the door.
m - 3 scrolls labelled SOCZIFF UTELICOWU
Found a club.
Found a leather armour.
You see here a +0 leather armour.
You see here a +0 leather armour.
Found a stone staircase leading up.
Things that are here:
2 stones; a +0 dagger You now have 105 gold pieces (gained 6).
Things that are here:
2 stones; a +0 dagger Sigmund shouts!
Casting: Magic Dart (safe; 3% risk of failure)
Confirm with . or Enter, or press ? or * to list all spells.
Aiming: Searing Ray (safe; 4% risk of failure)
Press: ? - help, Shift-Dir - straight line, f - Sigmund
Aim: Sigmund, wielding a +0 scythe and wearing a +0 robe (75% to hit)
The searing ray hits Sigmund!
Sigmund is moderately wounded. (Press . to maintain the ray.) Sigmund casts a spell at you.
The magic dart hits you!
The searing ray hits Sigmund!
Sigmund is severely wounded.
Sigmund hits you from afar with a +0 scythe.
* * * LOW HITPOINT WARNING * * *
The searing ray hits Sigmund!
Sigmund is almost dead.
* * * LOW HITPOINT WARNING * * *
Sigmund hits you from afar with a +0 scythe!
You die...

##....................#
..........>@..........#
##...................[#
#####................##
### #.................##
..# #..................#
#.# #...........@......#
#.# #......#####..###..#
#.# #......# ##@.##.#..#
#.# #####.####...#.##..#
#.########.###.....##..##
#.#........##..##.....##
..#........##.##(#....#
..#...........#.##..#.#
..#........##.###..##.#
..#........#......###.##
.......................#


You could see Sigmund.

Vanquished Creatures
  2 adders (D:2)
  3 ball pythons (D:1)
  4 endoplasms
  2 goblins (D:1)
  3 hobgoblins
  3 bats (D:1)
  A frilled lizard (D:1)
  2 kobolds (D:2)
  5 rats
25 creatures vanquished.

Vanquished Creatures (others)
  4 toadstools (D:1)
4 creatures vanquished.

Grand Total: 29 creatures vanquished

Notes
Turn   | Place    | Note
-------+----------+-------------------------------------------
     0 | D:1      | RascalDebosk the Djinni Conjurer began the quest for the
                  | Orb.
     0 | D:1      | RascalDebosk set off with the following spells memorised:
                  | Magic Dart, Searing Ray, Dazzling Flash, Fulminant Prism,
                  | Iskenderun's Mystic Blast.
     0 | D:1      | Reached XP level 1. HP: 15/15 MP: 0/0
   288 | D:1      | You are sucked into a shaft and drop 1 floor!
   295 | D:2      | Reached XP level 2. HP: 20/22 MP: 0/0
   353 | D:2      | Noticed Sigmund
   526 | D:1      | Reached skill level 1 in Fighting
   729 | D:1      | Reached XP level 3. HP: 24/27 MP: 0/0
   729 | D:1      | Learned a level 1 spell: Apportation
  1258 | D:2      | Found a faded altar of an unknown god.
  1324 | D:2      | Found a shadowy altar of Dithmenos.
  1714 | D:2      | Slain by Sigmund

Illustrated notes

Levels and vault maps discovered:
D:1:      ldierk_walled_garden_2, layout_rooms
D:2:      layout_basic, basic_altar, ebering_ecumenical_altar_box,
          minmay_bisected, uniq_sigmund

Skill      XL: |  1  2 |
---------------+-------+-----
Fighting       | 1 |  1.5
Dodging        | |  2.1
Stealth        | |  1.5
Spellcasting   | |  3.9

Action                   || total
-------------------------++-------
 Cast: Magic Dart        ||    54
       Searing Ray       ||     1
Dodge: Dodged            ||     1
